General information
			
			
        
        - name: BNet
 
        - type: Ladder 1vs1/FFA
 
        - host: Battle.net
 
        - saver: afkgokuman
 
        
map: TerenasStand 
        - players: 2
 
        - length: 129:56
 
        - speed: Fast
 - version: 1.22 W3XP
 - replay type:  Public
 
» download(205 KB)
Players
        team 1 (loser) 
              
              
» 
First2Fight (
teal | 6 APM | 784 actions | 129:56)
              
 5 Crypt Lord 
 3 Carrion Beetles
 2 Spiked Carapace
 3 Death Knight 
 2 Unholy Aura
 1 Death Coil
 
                » actions 
                
                | Basic commands | 115 |  | 
| Build / train | 64 |  | 
| Enter build submenu | 18 |  | 
| Enter hero's abilities submenu | 8 |  | 
| Give item / drop item | 3 |  | 
| Remove unit from queue | 1 |  | 
| Right click | 145 |  | 
| Select / deselect | 375 |  | 
| Use ability | 55 |  | 
                784 total
 » units 
                
                | Acolyte | 3 |  | 
| Ghoul | 18 |  | 
| Obsidian Statue | 2 |  | 
| Abomination | 2 |  | 
| Necromancer | 2 |  | 
| Crypt Fiend | 2 |  | 
| Forest Troll Shadow Priest | 1 |  | 
| Goblin Zeppelin | 1 |  | 
                31 total
 » upgrades
                
                | Unholy Strength | 3 |  | 
| Unholy Armor | 2 |  | 
| Cannibalize | 1 |  | 
| Necromancer Training | 2 |  | 
| Skeletal Longevity | 1 |  | 
| Ghoul Frenzy | 1 |  | 
| Web | 1 |  | 
| Skeletal Mastery | 1 |  | 
| Disease Cloud | 1 |  | 
                13 total
 » buildings
                
                | Altar of Darkness | 1 |  | 
| Ziggurat | 12 |  | 
| Crypt | 3 |  | 
| Tomb of Relics | 1 |  | 
| Graveyard | 1 |  | 
| Nerubian Tower | 1 |  | 
| Halls of the Dead | 1 |  | 
| Temple of the Damned | 1 |  | 
| Slaughterhouse | 1 |  | 
| Spirit Tower | 4 |  | 
| Black Citadel | 1 |  | 
                27 total
 » build order
                00:04 Altar of Darkness
00:25 Ziggurat
00:52 Crypt
00:55 Crypt
01:12 Tomb of Relics
01:34 Graveyard
01:41 Nerubian Tower
03:02 Ziggurat
03:39 Ziggurat
03:59 Ziggurat
05:05 Halls of the Dead
07:13 Crypt
07:20 Ziggurat
07:33 Temple of the Damned
07:36 Slaughterhouse
08:11 Spirit Tower
08:13 Spirit Tower
08:16 Black Citadel
13:21 Ziggurat
13:46 Ziggurat
14:07 Spirit Tower
27:28 Ziggurat
27:29 Ziggurat
27:34 Ziggurat
27:35 Ziggurat
27:36 Ziggurat
30:12 Spirit Tower
» items
                
                | Rod of Necromancy | 1 |  | 
| Orb of Corruption | 1 |  | 
                2 total
  
               team 2 (winner) 
              
              
afkgokuman (
orange | 8 APM | 1084 actions | 129:56)
              
 7 Demon Hunter 
 3 Mana Burn
 3 Evasion
 1 Metamorphosis
 
                » actions 
                
                | Assign group hotkey | 5 |  | 
| Basic commands | 3 |  | 
| Build / train | 80 |  | 
| Enter build submenu | 22 |  | 
| Enter hero's abilities submenu | 7 |  | 
| Give item / drop item | 9 |  | 
| Right click | 563 |  | 
| Select / deselect | 309 |  | 
| Select group hotkey | 36 |  | 
| Use ability | 50 |  | 
                1084 total
 » units 
                » upgrades
                
                | Strength of the Wild | 3 |  | 
| Reinforced Hides | 3 |  | 
| Ultravision | 1 |  | 
| Corrosive Breath | 1 |  | 
                8 total
 » buildings
                
                | Altar of Elders | 1 |  | 
| Moon Well | 7 |  | 
| Tree of Ages | 1 |  | 
| Hunter's Hall | 1 |  | 
| Tree of Life | 3 |  | 
| Tree of Eternity | 1 |  | 
| Ancient of Wind | 1 |  | 
| Chimaera Roost | 3 |  | 
| Ancient of Wonders | 1 |  | 
                19 total
 » build order
                108:20 Altar of Elders
111:10 Moon Well
112:09 Moon Well
116:11 Moon Well
116:35 Tree of Ages
116:43 Hunter's Hall
117:31 Tree of Life
117:35 Tree of Life
118:57 Tree of Eternity
118:59 Ancient of Wind
121:27 Chimaera Roost
121:33 Ancient of Wonders
122:00 Chimaera Roost
122:05 Chimaera Roost
122:08 Moon Well
122:13 Moon Well
122:40 Moon Well
122:42 Moon Well
124:09 Tree of Life
» items
                
                | Boots of Speed | 1 |  | 
| Periapt of Vitality | 6 |  | 
| Circlet of Nobility | 1 |  | 
| Orb of Venom | 1 |  | 
                9 total
  
                Chat log
          
(01:12 / All) afkgokuman: hello
(01:15 / All) First2Fight: hey
(01:36 / All) First2Fight: good luck
(04:34 / All) afkgokuman: from?
(04:40 / All) First2Fight: oklahoma
(16:04 / All) First2Fight: where are you
(16:10 / All) afkgokuman: I dont know
(16:21 / All) afkgokuman: didn't get anything when game start
(16:47 / All) First2Fight: weird
(24:12 / All) First2Fight: u still here?
(24:38 / All) First2Fight: hello
(28:30 / All) afkgokuman: hey
(28:34 / All) First2Fight: hey
(28:34 / All) afkgokuman: this is so odd
(28:39 / All) afkgokuman: how did this happen
(28:50 / All) afkgokuman: this ever happen to you before?
(29:03 / All) First2Fight: never
(29:41 / All) afkgokuman: are you gonna quit man?
(29:54 / All) First2Fight: nahhh
(32:51 / All) afkgokuman: why are you staying lol?
(49:31 / All) afkgokuman: you here mon?\
(61:15 / All) afkgokuman: u here?
(129:30 / All) afkgokuman: Gg